| TOP OF THE 1ST |
|
Portland Sea Dogs batting - Pitching for Akron RubberDucks : LHP Fred Kelly
|
|
Pitching: LHP Fred Kelly
|
|
|
Batting: RHB Nate Dickinson
|
0-0: Ball 1-0: Ground out 6-3 (Groundball, 6, EV 86.2 MPH)
|
|
Batting: RHB Chris Carlin
|
0-0: Swinging Strike 0-1: Ball 1-1: Ball 2-1: DOUBLE (Line Drive, 9LD, EV 106.2 MPH)
|
|
Batting: LHB John Bailey
|
0-0: Ball 1-0: Ground out 4-3 (Groundball, 4, EV 105.6 MPH) Chris Carlin to third
|
|
Batting: RHB Carlos Nolasco
|
0-0: Ball 1-0: Swinging Strike 1-1: SINGLE (Flyball, 8LS, EV 92.5 MPH) Chris Carlin scores
|
|
Batting: RHB Pat Bulger
|
0-0: SINGLE (Line Drive, 6M, EV 100.0 MPH) Carlos Nolasco to second Runner from 2nd tries for 3rd, SAFE, no throw by CF
|
|
Batting: LHB Julian Toney
|
0-0: Ball 1-0: Ball 2-0: Ball 3-0: Called Strike 3-1: Foul Ball, location: 2F 3-2: SINGLE (Flyball, 78S, EV 97.5 MPH) Carlos Nolasco scores Pat Bulger to second Pat Bulger to third
|
|
Batting: RHB Joe Evrard
|
0-0: Ball 1-0: Swinging Strike 1-1: Ball 2-1: Called Strike 2-2: Foul Ball, location: 2F 2-2: Ball 3-2: Ground out 5-3 (Groundball, 56S, EV 82.5 MPH)
|
| Top of the 1st over - 2 runs, 4 hits, 0 errors, 2 left on base; Portland 2 - Akron 0 |
| BOTTOM OF THE 1ST |
|
Akron RubberDucks batting - Pitching for Portland Sea Dogs : LHP John Hotham
|
|
Pitching: LHP John Hotham
|
|
|
Batting: RHB Christian Blue
|
0-0: Called Strike 0-1: Ball 1-1: Called Strike 1-2: Ball 2-2: Strikes out swinging
|
|
Batting: LHB Nick Welling
|
0-0: Called Strike 0-1: Ball 1-1: Ball 2-1: Ball 3-1: Foul Ball, location: 2F 3-2: Fly out, F9 (Flyball, 89M, EV 91.2 MPH)
|
|
Batting: RHB Harris Leroux
|
0-0: Ball 1-0: Ball 2-0: Foul Ball, location: 2F 2-1: Called Strike 2-2: Ball 3-2: Base on Balls
|
|
Batting: RHB Mike Plugge
|
0-0: Foul Ball, location: 2F 0-1: Ball 1-1: Foul Ball, location: 2F 1-2: Ground out 1-3 (Groundball, 34S, EV 68.8 MPH)
|
| Bottom of the 1st over - 0 runs, 0 hits, 0 errors, 1 left on base; Portland 2 - Akron 0 |
| TOP OF THE 2ND |
|
Portland Sea Dogs batting - Pitching for Akron RubberDucks : LHP Fred Kelly
|
|
Batting: LHB Brent Albertson
|
0-0: Foul Ball, location: 2F 0-1: Called Strike 0-2: Ball 1-2: Ball 2-2: Fly out, F9 (Flyball, 9LS, EV 90.6 MPH)
|
|
Batting: LHB Dave Reyes
|
0-0: Ground out 6-3 (Groundball, 6M, EV 106.9 MPH)
|
|
Batting: RHB Nate Dickinson
|
0-0: Ball 1-0: Called Strike 1-1: Ball 2-1: Called Strike 2-2: Foul Ball, location: 2F 2-2: Ball 3-2: SOLO HOME RUN (Flyball, 9D, EV 99.4 MPH), Distance : 377 ft
|
|
Batting: RHB Chris Carlin
|
0-0: Ball 1-0: Foul Ball, location: 2F 1-1: Foul Ball, location: 2F 1-2: Strikes out swinging
|
| Top of the 2nd over - 1 run, 1 hit, 0 errors, 0 left on base; Portland 3 - Akron 0 |
| BOTTOM OF THE 2ND |
|
Akron RubberDucks batting - Pitching for Portland Sea Dogs : LHP John Hotham
|
|
Batting: RHB Greg Harden
|
0-0: Ball 1-0: Ball 2-0: Ground out 1-3 (Groundball, 13S, EV 65.6 MPH)
|
|
Batting: RHB Matt Thompson
|
0-0: Called Strike 0-1: Ball 1-1: Ball 2-1: Swinging Strike 2-2: Foul Ball, location: 2F 2-2: Ball 3-2: Foul Ball, location: 2F 3-2: Foul Ball, location: 2F 3-2: SINGLE (Groundball, 4S, EV 75.6 MPH) (infield hit)
|
|
Batting: LHB John Dietrich
|
0-0: Called Strike 0-1: Called Strike 0-2: Fly out, F2 (Popup, 25F, EV 86.2 MPH)
|
|
Batting: RHB Michael Meyers
|
0-0: Ball 1-0: Swinging Strike 1-1: Ground out 6-3 (Groundball, 6M, EV 98.8 MPH)
|
| Bottom of the 2nd over - 0 runs, 1 hit, 0 errors, 1 left on base; Portland 3 - Akron 0 |
| TOP OF THE 3RD |
|
Portland Sea Dogs batting - Pitching for Akron RubberDucks : LHP Fred Kelly
|
|
Batting: LHB John Bailey
|
0-0: Ball 1-0: Swinging Strike 1-1: Ball 2-1: Foul Ball, location: 3F, Error on foul ball, E3 2-2: Foul Ball, location: 2F 2-2: Ground out U3 (Groundball, 34, EV 96.2 MPH)
|
|
Batting: RHB Carlos Nolasco
|
0-0: Ball 1-0: Called Strike 1-1: SINGLE (Line Drive, 8RS, EV 95.0 MPH)
|
|
Batting: RHB Pat Bulger
|
0-0: Ball 1-0: Ball 2-0: Ball 3-0: Swinging Strike 3-1: Base on Balls Carlos Nolasco to second
|
|
Batting: LHB Julian Toney
|
0-0: Called Strike 0-1: Foul Ball, location: 2F 0-2: SINGLE (Flyball, 8RS, EV 92.5 MPH) Carlos Nolasco to third Pat Bulger to second
|
|
Batting: RHB Joe Evrard
|
0-0: Called Strike 0-1: Ball 1-1: Swinging Strike 1-2: Foul Ball, location: 2F 1-2: Ball 2-2: Foul Ball, location: 2F 2-2: Strikes out looking
|
|
Batting: LHB Brent Albertson
|
0-0: Called Strike 0-1: Called Strike 0-2: Strikes out swinging
|
| Top of the 3rd over - 0 runs, 2 hits, 1 error, 3 left on base; Portland 3 - Akron 0 |
| BOTTOM OF THE 3RD |
|
Akron RubberDucks batting - Pitching for Portland Sea Dogs : LHP John Hotham
|
|
Batting: RHB Tony Ramirez
|
0-0: Foul Ball, location: 2F 0-1: Ball 1-1: Ball 2-1: Foul Ball, location: 2F 2-2: Strikes out swinging
|
|
Batting: RHB Christian Blue
|
0-0: Fly out, F4 (Popup, 34S, EV 81.9 MPH)
|
|
Batting: LHB Nick Welling
|
0-0: Swinging Strike 0-1: Foul Ball, location: 2F 0-2: Foul Ball, location: 2F 0-2: Strikes out looking
|
| Bottom of the 3rd over - 0 runs, 0 hits, 0 errors, 0 left on base; Portland 3 - Akron 0 |
| TOP OF THE 4TH |
|
Portland Sea Dogs batting - Pitching for Akron RubberDucks : LHP Fred Kelly
|
|
Batting: LHB Dave Reyes
|
0-0: Called Strike 0-1: Foul Ball, location: 2F 0-2: Foul Ball, location: 2F 0-2: Ball 1-2: Ball 2-2: Strikes out swinging
|
|
Batting: RHB Nate Dickinson
|
0-0: Ball 1-0: Foul Ball, location: 2F 1-1: Foul Ball, location: 2F 1-2: Ball 2-2: Ball 3-2: Base on Balls
|
|
Batting: RHB Chris Carlin
|
0-0: Ball 1-0: Ball 2-0: Called Strike 2-1: Swinging Strike 2-2: Fly out, F9 (Flyball, 89M, EV 90.0 MPH)
|
|
Batting: LHB John Bailey
|
0-0: Called Strike Nate Dickinson steals 2nd base (no throw) 0-1: Ball 1-1: Ball 2-1: Foul Ball, location: 2F 2-2: Foul Ball, location: 2F 2-2: Ball 3-2: Foul Ball, location: 2F 3-2: Fly out, F8 (Flyball, 8LD, EV 95.6 MPH)
|
| Top of the 4th over - 0 runs, 0 hits, 0 errors, 1 left on base; Portland 3 - Akron 0 |
| BOTTOM OF THE 4TH |
|
Akron RubberDucks batting - Pitching for Portland Sea Dogs : LHP John Hotham
|
|
Batting: RHB Harris Leroux
|
0-0: Ball 1-0: SOLO HOME RUN (Flyball, 78XD, EV 108.8 MPH), Distance : 417 ft
|
|
Batting: RHB Mike Plugge
|
0-0: Foul Ball, location: 2F 0-1: Ball 1-1: Ground out U3 (Groundball, 3, EV 85.0 MPH)
|
|
Batting: RHB Greg Harden
|
0-0: Foul Ball, location: 2F 0-1: DOUBLE (Line Drive, 9LM, EV 108.8 MPH)
|
|
Batting: RHB Matt Thompson
|
0-0: Ball 1-0: Called Strike 1-1: DOUBLE (Groundball, 3L, EV 98.1 MPH) Greg Harden scores
|
|
Batting: LHB John Dietrich
|
0-0: Ball 1-0: Foul Ball, location: 2F 1-1: Ball 2-1: Ball 3-1: Base on Balls
|
|
Batting: RHB Michael Meyers
|
0-0: Fly out, F4 (Popup, 4M, EV 71.9 MPH)
|
|
Batting: RHB Tony Ramirez
|
0-0: Ball 1-0: Ball 2-0: Called Strike 2-1: Swinging Strike 2-2: Foul Ball, location: 2F 2-2: Foul Ball, location: 2F 2-2: Fly out, F7 (Flyball, 7, EV 83.1 MPH)
|
| Bottom of the 4th over - 2 runs, 3 hits, 0 errors, 2 left on base; Portland 3 - Akron 2 |
| TOP OF THE 5TH |
|
Portland Sea Dogs batting - Pitching for Akron RubberDucks : LHP Fred Kelly
|
|
Batting: RHB Carlos Nolasco
|
0-0: Called Strike 0-1: Fly out, F2 (Popup, 23F, EV 91.9 MPH)
|
|
Pitching: RHP T.J. McCullough
|
|
|
Batting: RHB Pat Bulger
|
0-0: Ball 1-0: Called Strike 1-1: SINGLE (Flyball, 7LS, EV 85.6 MPH)
|
|
Batting: LHB Julian Toney
|
0-0: Called Strike 0-1: Called Strike 0-2: Ball 1-2: Reached on error, E1 (Groundball, 13S, EV 64.4 MPH) Pat Bulger to second
|
|
Batting: RHB Joe Evrard
|
0-0: Called Strike 0-1: Fly out, F8 (Flyball, 8RS, EV 85.0 MPH)
|
|
Batting: LHB Brent Albertson
|
0-0: SINGLE (Groundball, 56S, EV 71.9 MPH) (infield hit) Pat Bulger to third Julian Toney to second
|
|
Batting: LHB Dave Reyes
|
0-0: Ball 1-0: Foul Ball, location: 2F 1-1: Foul Ball, location: 2F 1-2: DOUBLE (Flyball, 8RXD, EV 91.9 MPH) Pat Bulger scores Julian Toney scores Brent Albertson to third Runner from 3rd tries for Home, SAFE, no throw by CF
|
|
Batting: RHB Nate Dickinson
|
0-0: Called Strike 0-1: Foul Ball, location: 2RF, Error on foul ball, E2 0-2: Strikes out swinging
|
| Top of the 5th over - 3 runs, 3 hits, 2 errors, 1 left on base; Portland 6 - Akron 2 |
| BOTTOM OF THE 5TH |
|
Akron RubberDucks batting - Pitching for Portland Sea Dogs : LHP John Hotham
|
|
Batting: RHB Christian Blue
|
0-0: Fly out, F6 (Flyball, 5D, EV 84.4 MPH)
|
|
Batting: LHB Nick Welling
|
0-0: Ball 1-0: Ball 2-0: Ball 3-0: Called Strike 3-1: Ground out 4-3 (Groundball, 4, EV 90.6 MPH)
|
|
Batting: RHB Harris Leroux
|
0-0: Swinging Strike 0-1: Foul Ball, location: 2F 0-2: Strikes out swinging
|
| Bottom of the 5th over - 0 runs, 0 hits, 0 errors, 0 left on base; Portland 6 - Akron 2 |
| TOP OF THE 6TH |
|
Portland Sea Dogs batting - Pitching for Akron RubberDucks : RHP T.J. McCullough
|
|
Batting: RHB Chris Carlin
|
0-0: Called Strike 0-1: Ball 1-1: Ball 2-1: Ball 3-1: Swinging Strike 3-2: Base on Balls
|
|
Batting: LHB John Bailey
|
0-0: Called Strike 0-1: Ball 1-1: Foul Ball, location: 2F 1-2: Ball 2-2: Ball 3-2: Foul Ball, location: 2F 3-2: Fielders Choice at 2nd, 6-4 (Groundball, 6, EV 93.8 MPH)
|
|
Pitching: RHP Jay Cowgill
|
|
|
Batting: RHB Carlos Nolasco
|
0-0: Grounds into double play, U6-3 (Groundball, 4MS, EV 88.1 MPH)
|
| Top of the 6th over - 0 runs, 0 hits, 0 errors, 0 left on base; Portland 6 - Akron 2 |
| BOTTOM OF THE 6TH |
|
Akron RubberDucks batting - Pitching for Portland Sea Dogs : LHP John Hotham
|
|
Batting: RHB Mike Plugge
|
0-0: Ball 1-0: Swinging Strike 1-1: Called Strike 1-2: Fly out, F8 (Flyball, 8RM, EV 83.1 MPH)
|
|
Batting: RHB Greg Harden
|
0-0: Ball 1-0: Fly out, F8 (Flyball, 8LM, EV 95.6 MPH)
|
|
Batting: RHB Matt Thompson
|
0-0: Called Strike 0-1: Ground out 4-3 (Groundball, 4M, EV 86.9 MPH)
|
| Bottom of the 6th over - 0 runs, 0 hits, 0 errors, 0 left on base; Portland 6 - Akron 2 |
| TOP OF THE 7TH |
|
Portland Sea Dogs batting - Pitching for Akron RubberDucks : RHP Jay Cowgill
|
|
Batting: RHB Pat Bulger
|
0-0: Ball 1-0: Foul Ball, location: 2F 1-1: Ball 2-1: Swinging Strike 2-2: Strikes out swinging
|
|
Batting: LHB Julian Toney
|
0-0: Called Strike 0-1: Ball 1-1: Called Strike 1-2: Fly out, F8 (Flyball, 8RD, EV 101.2 MPH)
|
|
Batting: RHB Joe Evrard
|
0-0: Called Strike 0-1: Swinging Strike 0-2: Ball 1-2: Strikes out swinging
|
| Top of the 7th over - 0 runs, 0 hits, 0 errors, 0 left on base; Portland 6 - Akron 2 |
| BOTTOM OF THE 7TH |
|
Akron RubberDucks batting - Pitching for Portland Sea Dogs : LHP John Hotham
|
|
Batting: LHB John Dietrich
|
0-0: Ball 1-0: Ball 2-0: Fly out, F7 (Flyball, 78M, EV 91.9 MPH)
|
|
Pitching: LHP Josh Taylor
|
|
|
Batting: RHB Michael Meyers
|
0-0: Ball 1-0: Ground out U3 (Groundball, 34, EV 103.8 MPH)
|
|
Batting: RHB Tony Ramirez
|
0-0: Ball 1-0: Foul Ball, location: 2F 1-1: Called Strike 1-2: Strikes out swinging
|
| Bottom of the 7th over - 0 runs, 0 hits, 0 errors, 0 left on base; Portland 6 - Akron 2 |
| TOP OF THE 8TH |
|
Portland Sea Dogs batting - Pitching for Akron RubberDucks : RHP Jay Cowgill
|
|
Pitching: RHP Nelson Peregrina
|
|
|
Batting: LHB Brent Albertson
|
0-0: Ball 1-0: SINGLE (Groundball, 25, EV 69.4 MPH) (infield hit)
|
|
Batting: LHB Dave Reyes
|
0-0: Bunted foul 0-1: Ball 1-1: Bunt missed! 1-2: Strikes out swinging
|
|
Batting: RHB Nate Dickinson
|
0-0: Called Strike 0-1: Fly out, F4 (Popup, 3, EV 78.1 MPH)
|
|
Batting: RHB Chris Carlin
|
0-0: Ball Brent Albertson steals 2nd base 1-0: Called Strike 1-1: Swinging Strike 1-2: Ball 2-2: Foul Ball, location: 2F 2-2: Ball 3-2: Fly out, F7 (Flyball, 78S, EV 85.0 MPH)
|
| Top of the 8th over - 0 runs, 1 hit, 0 errors, 1 left on base; Portland 6 - Akron 2 |
| BOTTOM OF THE 8TH |
|
Akron RubberDucks batting - Pitching for Portland Sea Dogs : LHP Josh Taylor
|
|
Batting: RHB Christian Blue
|
0-0: Ball 1-0: Ball 2-0: Ball 3-0: Base on Balls
|
|
Batting: LHB Nick Welling
|
0-0: Called Strike 0-1: Ball 1-1: Foul Ball, location: 2F 1-2: Ball 2-2: Strikes out looking
|
|
Batting: RHB Harris Leroux
|
0-0: Foul Ball, location: 2F 0-1: Ball 1-1: SINGLE (Line Drive, 56, EV 103.1 MPH) Christian Blue to second
|
|
Batting: RHB Mike Plugge
|
0-0: Called Strike 0-1: Foul Ball, location: 2F 0-2: Ball 1-2: Strikes out swinging
|
|
Batting: RHB Greg Harden
|
0-0: Ball 1-0: Swinging Strike 1-1: Fly out, F3 (Popup, 3F, EV 65.0 MPH)
|
| Bottom of the 8th over - 0 runs, 1 hit, 0 errors, 2 left on base; Portland 6 - Akron 2 |
| TOP OF THE 9TH |
|
Portland Sea Dogs batting - Pitching for Akron RubberDucks : RHP Nelson Peregrina
|
|
Pitching: LHP Terry LaPlante
|
|
|
Pinch Hitting: RHB Neil Mautone
|
0-0: Swinging Strike 0-1: Called Strike 0-2: Foul Ball, location: 2F 0-2: Ball 1-2: Ball 2-2: Strikes out swinging
|
|
Batting: RHB Carlos Nolasco
|
0-0: Ball 1-0: Ball 2-0: Foul Ball, location: 2F 2-1: Fly out, F8 (Flyball, 8RXD, EV 96.9 MPH)
|
|
Batting: RHB Pat Bulger
|
0-0: Swinging Strike 0-1: Fly out, F9 (Flyball, 9, EV 85.6 MPH)
|
| Top of the 9th over - 0 runs, 0 hits, 0 errors, 0 left on base; Portland 6 - Akron 2 |
| BOTTOM OF THE 9TH |
|
Akron RubberDucks batting - Pitching for Portland Sea Dogs : LHP Josh Taylor
|
|
Pitching: LHP Danny Schneible
|
|
|
Now at 2B: Rogelio Losano
|
|
|
Batting: RHB Matt Thompson
|
0-0: Foul Ball, location: 2F 0-1: Foul Ball, location: 2F 0-2: Ball 1-2: Ball 2-2: Ball 3-2: Fly out, F8 (Flyball, 8LS, EV 77.5 MPH)
|
|
Batting: LHB John Dietrich
|
0-0: Ball 1-0: Foul Ball, location: 2F 1-1: Ball 2-1: Swinging Strike 2-2: Strikes out looking
|
|
Batting: RHB Michael Meyers
|
0-0: Ground out 5-3 (Groundball, 56, EV 89.4 MPH)
|
| Bottom of the 9th over - 0 runs, 0 hits, 0 errors, 0 left on base; Portland 6 - Akron 2 |
|